 Dungeon Crawl Stone Soup version 0.31-a0-460-g9e667d4245 (webtiles) character file.

Game seed: 1405125143368464207

388 Xavori the Slasher (level 7, -4/45 HPs)
             Began as a Djinni Chaos Knight on Aug 4, 2023.
             Was a Plaything of Xom.
             Killed by divine providence
             ... invoked by an orc priest
              (8 damage)
             ... on level 3 of the Dungeon.
             The game lasted 00:03:33 (11409 turns).

Xavori the Slasher (Djinni Chaos Knight)           Turns: 11409, Time: 00:03:34

Health: -4/45      AC: 11    Str: 13    XL:     7   Next: 7%
Gold:   147        EV: 13    Int: 14    God:    Xom [..*...] SH:  0 Dex: 14

rFire   + + .        a - +0 falchion (chaos)
rCold   x . .        (no shield)
rNeg    + . .        b - +2 leather armour
rPois   ∞            (no helmet)
rElec   +            e - +0 cloak
rCorr   .            m - +2 pair of gloves of Valiance {rElec rPois Regen+}
SInv    .            (boots unavailable)
Will    .....        (no amulet)
Stlth   ++           l - ring of positive energy
HPRegen 1.07/turn    (no ring)
MPRegen 0.00/turn

%: clarity, infuse magic (-5 HP)
@: flying, unable to read
A: sickness immunity, fire resistance 2, cold vulnerability 1, float, innate
caster, HP casting, extra vitality 1, iridescent scales 1, thin skeletal
structure 1, clarity, frail 1, inability to read after injury 2
a: Renounce Religion


You were on level 3 of the Dungeon.
You worshipped Xom.
You were a toy of Xom.
You visited 1 branch of the dungeon, and saw 3 of its levels.

You collected 147 gold pieces.

Inventory:

Hand Weapons
 a - a +0 falchion of chaos (weapon)
Armour
 b - a +2 leather armour (worn)
 e - a +0 cloak (worn)
 m - the +2 pair of gloves of Valiance (worn) {rElec rPois Regen+}
   (Xom gifted it to you on level 1 of the Dungeon)

   rElec:     It insulates you from electricity.
   rPois:     It protects you from poison.
   Regen:     It increases your rate of health regeneration.
Jewellery
 l - a ring of positive energy (left hand)
Wands
 g - a wand of charming (9)
Scrolls
 c - a scroll of butterflies
 f - a scroll of silence {unknown}
 h - a scroll of torment {unknown}
 j - 2 scrolls of poison {unknown}
 k - 2 scrolls of fog {unknown}
 n - a scroll of teleportation {unknown}
 o - a scroll of fear {unknown}
 p - a scroll of brand weapon {unknown}
Potions
 q - a potion of brilliance


   Skills:
 + Level 3.6 Fighting
 + Level 4.4 Long Blades
 + Level 2.9 Armour
 + Level 3.7 Dodging
 + Level 0.9 Stealth
 * Level 1.4 Spellcasting
 * Level 1.4 Conjurations
 * Level 1.4 Hexes
 * Level 1.4 Summonings
 * Level 1.4 Necromancy
 * Level 1.4 Translocations
 * Level 1.4 Transmutations
 * Level 1.4 Fire Magic
 * Level 1.4 Ice Magic
 * Level 1.4 Air Magic
 * Level 1.4 Earth Magic
 * Level 1.4 Poison Magic


You knew the following spells:

 Your Spells              Type           Power      Damage    Failure   Level
a - Foxfire               Conj/Fire      20%        2x1d5     19%         1
b - Poisonous Vapours     Pois/Air       10%        N/A       26%         2
c - Blink                 Tloc           10%        N/A       26%         2
Your spell library was empty.

Dungeon Overview and Level Annotations

Branches:
Dungeon (3/15)

Altars:
Nemelex Xobeh

Shops:
D:1 =


Innate Abilities, Weirdness & Mutations

You are immune to sickness and miasma.
You are immune to poison.
Your flesh is very heat resistant. (rF++)
You are vulnerable to cold. (rC-)
You float through the air rather than walking.
You learn spells naturally, not from books.
Your magical power is your life essence.
You have superior vitality. (+4 MHP)
You are partially covered in iridescent scales. (AC +2)
You have a somewhat thin skeletal structure. (Dex +2, Stealth+)
You possess an exceptional clarity of mind.
You are frail. (-10% HP)
You sometimes lose the ability to read scrolls when taking damage.


Message History

The hound bites you but does no damage. The orc priest closely misses you.
The orc closely misses you.
You barely miss the orc priest.
The orc priest is moderately wounded.
The hound closely misses you. x2
The orc priest calls down the wrath of Beogh upon you.
Beogh smites you!
You feel threatened and lose the ability to read scrolls!
* * * LOW HITPOINT WARNING * * *
The orc hits you but does no damage. The hound attacks as you move away!
The hound bites you but does no damage. The orc priest misses you.
It was a potion of curing.
You feel better.
Xom roars with laughter!
The hound barely misses you. The hound bites you but does no damage.
The orc priest attacks as you move away!
The orc priest barely misses you. The hound attacks as you move away!
The hound bites you but does no damage. The hound bites you!
* * * LOW HITPOINT WARNING * * *
You closely miss the hound.
The hound is moderately wounded.
The hound misses you.
The orc priest mumbles some strange prayers to Beogh against you.
Beogh smites you!
* * * LOW HITPOINT WARNING * * *
The hound bites you.
* * * LOW HITPOINT WARNING * * *
It was a potion of mutation.
You feel extremely strange.
Your urge to shout disappears.
Your magical essence no longer links to wands of the dungeon.
You lose the ability to read scrolls when taking damage more often.
Iridescent scales grow over part of your body.
You feel frail. The hound barely misses you.
You cannot read scrolls in your current state!
The orc priest mumbles some strange prayers to Beogh against you.
Beogh smites you!
You die...
Xom chuckles heartily!

,, ...#.* ##...##.. ,
..........* ##....#### *
..........#####..#.#####
.......,.........#.....#
....... ...............
....... #.)............
.......,*#.)............
,
.......###o.............
#......@h.o.............
.....#####..............
###* #.............. *
##.............
##............ *
###......##..
##..##....> ##########


You could see a hound (strong, agile), an orc priest (very drained) and an orc.

Vanquished Creatures
  Sigmund (D:3)
  Natasha (thrice) (D:2)
  An orc wizard (D:3)
  4 gnolls (D:2)
  2 adders (D:2)
  2 dart slugs (D:2)
  4 orcs
  2 ball pythons
  9 bats
  3 endoplasms (D:1)
  6 giant cockroaches
  2 goblins
  A hobgoblin (D:2)
  11 kobolds
  2 quokkas (D:2)
  2 frilled lizards
  4 rats
59 creatures vanquished.

Notes
Turn   | Place    | Note
-------+----------+-------------------------------------------
     0 | D:1      | Xavori the Djinni Chaos Knight began the quest for the Orb.
     0 | D:1      | Reached XP level 1. HP: 20/20 MP: 0/0
    29 | D:1      | Found Boeqeul's Jewellery Boutique.
    42 | D:1      | XOM: divination: detect items
    96 | D:1      | XOM: potion effect (brilliance)
   100 | D:1      | Reached XP level 2. HP: 23/25 MP: 0/0
   302 | D:1      | XOM: 9-stop teleportation journey
   440 | D:1      | Reached skill level 3 in Long Blades
   455 | D:1      | Reached XP level 3. HP: 26/30 MP: 0/0
   455 | D:1      | Learned a level 1 spell: Foxfire
   934 | D:1      | XOM: god gift: robe {god gift}
  3539 | D:1      | XOM: silly message
  3622 | D:1      | XOM: silly message
  4041 | D:1      | XOM: divination: magic mapping
  4391 | D:1      | XOM: stat loss: -1 Str (12/13)
  4624 | D:1      | XOM: silly message
  4685 | D:1      | XOM: god gift: cabochon ring {god gift}
  4760 | D:1      | Identified the +2 pair of gloves of Valiance {rElec rPois
                  | Regen+} (Xom gifted it to you on level 1 of the Dungeon)
  4760 | D:1      | XOM: god gift: +2 pair of gloves of Valiance {rElec rPois
                  | Regen+}
  4887 | D:1      | XOM: noise
  5287 | D:1      | XOM: give mutations
  5287 | D:1      | Gained mutation: You occasionally shout uncontrollably at
                  | your foes. [Xom's mischief]
  5287 | D:1      | Gained mutation: You passively map a small area around you.
                  | [Xom's mischief]
  5287 | D:1      | Gained mutation: You occasionally lose the ability to read
                  | scrolls when taking damage. [Xom's mischief]
  5966 | D:1      | XOM: summons 2 hostile demons
  5967 | D:1      | Noticed a chaos spawn
  5967 | D:1      | Noticed a sixfirhy
  6132 | D:2      | Found a sparkling altar of Nemelex Xobeh.
  6132 | D:2      | XOM: 3-stop teleportation journey
  6781 | D:1      | XOM: silly message
  6946 | D:1      | XOM: give mutations
  6946 | D:1      | Gained mutation: You are somewhat resistant to further
                  | mutation. [Xom's mischief]
  6946 | D:1      | Gained mutation: You have a pair of small horns on your
                  | head. [Xom's mischief]
  6946 | D:1      | Lost mutation: You have a pair of small horns on your head.
                  | [Xom's mischief]
  6988 | D:1      | XOM is BORED!
  7658 | D:1      | XOM: draining
  8078 | D:1      | XOM: give mutations
  8078 | D:1      | Gained mutation: You have supernaturally acute eyesight.
                  | (SInv) [Xom's mischief]
  8078 | D:1      | Lost mutation: You have supernaturally acute eyesight.
                  | (SInv) [Xom's mischief]
  8078 | D:1      | Lost mutation: You passively map a small area around you.
                  | [Xom's mischief]
  8113 | D:1      | XOM: torment (16/27 hp)
  9266 | D:1      | XOM: give mutations
  9266 | D:1      | Lost mutation: You are somewhat resistant to further
                  | mutation. [Xom's grace]
  9266 | D:1      | Gained mutation: You have hidden genetic potential. [Xom's
                  | grace]
  9266 | D:1      | Gained mutation: You possess an exceptional clarity of
                  | mind. [Xom's grace]
  9319 | D:1      | XOM: cloud trail
  9322 | D:1      | XOM: god gift: mace {god gift}
  9697 | D:1      | XOM: divination: magic mapping
 10230 | D:1      | XOM: god gift: quarterstaff {god gift}
 10637 | D:2      | Noticed Natasha
 10649 | D:2      | Reached XP level 4. HP: 20/33 MP: 0/0
 10655 | D:2      | Killed Natasha
 10655 | D:2      | XOM: enchant monster (good)
 10668 | D:2      | Gained mutation: You expend health (3 HP) to strengthen
                  | your wands. [hidden potential]
 10679 | D:2      | XOM: potion effect (curing)
 10700 | D:2      | Reached XP level 5. HP: 6/40 MP: 0/0
 10700 | D:2      | Learned a level 2 spell: Poisonous Vapours
 10730 | D:2      | XOM: smoke on damage
 10765 | D:2      | XOM: divination: magic mapping
 10778 | D:2      | Reached skill level 1 in Spellcasting
 10778 | D:2      | Reached skill level 1 in Conjurations
 10778 | D:2      | Reached skill level 1 in Hexes
 10778 | D:2      | Reached skill level 1 in Summonings
 10778 | D:2      | Reached skill level 1 in Necromancy
 10778 | D:2      | Reached skill level 1 in Translocations
 10778 | D:2      | Reached skill level 1 in Transmutations
 10778 | D:2      | Reached skill level 1 in Fire Magic
 10778 | D:2      | Reached skill level 1 in Ice Magic
 10778 | D:2      | Reached skill level 1 in Air Magic
 10778 | D:2      | Reached skill level 1 in Earth Magic
 10778 | D:2      | Reached skill level 1 in Poison Magic
 10816 | D:2      | Found a faded altar of an unknown god.
 10878 | D:2      | XOM: silly message
 10975 | D:2      | Glimpsed the power of Zot.
 11021 | D:2      | Gained mutation: You have a somewhat thin skeletal
                  | structure. (Dex +2, Stealth+) [hidden potential]
 11021 | D:2      | Lost mutation: You have hidden genetic potential. [hidden
                  | potential expressed]
 11150 | D:2      | Noticed Natasha
 11160 | D:2      | XOM: silly message
 11163 | D:2      | Killed Natasha
 11204 | D:3      | Noticed Sigmund
 11206 | D:3      | XOM: silly message
 11217 | D:2      | Reached XP level 6. HP: 46/46 MP: 0/0
 11299 | D:2      | Noticed Natasha
 11304 | D:2      | Killed Natasha
 11305 | D:2      | Reached skill level 4 in Long Blades
 11321 | D:3      | Killed Sigmund
 11322 | D:3      | Reached XP level 7. HP: 50/51 MP: 0/0
 11322 | D:3      | Learned a level 2 spell: Blink
 11335 | D:3      | XOM: silly message
 11399 | D:3      | XOM: divination: magic mapping
 11407 | D:3      | HP: 2/51 [hound (2)]
 11408 | D:3      | Lost mutation: You occasionally shout uncontrollably at
                  | your foes. [potion of mutation]
 11408 | D:3      | Lost mutation: You expend health (3 HP) to strengthen your
                  | wands. [potion of mutation]
 11408 | D:3      | Gained mutation: You sometimes lose the ability to read
                  | scrolls when taking damage. [potion of mutation]
 11408 | D:3      | Gained mutation: You are partially covered in iridescent
                  | scales. (AC +2) [potion of mutation]
 11408 | D:3      | Gained mutation: You are frail. (-10% HP) [potion of
                  | mutation]
 11409 | D:3      | Killed from afar by an orc priest

Illustrated notes

Levels and vault maps discovered:
D:1:      tekkud_arrival_beachfront_property, layout_basic, serial_shops,
          nicolae_shop_window_shopping
D:2:      layout_loops_ring, ebering_ecumenical_altar_hall, basic_altar,
          kennysheep_small_spiral, uniq_natasha
D:3:      layout_rooms, uniq_robin, uniq_grinder, uniq_sigmund

Skill      XL: |  1  2  3  4  5  6 |
---------------+-------------------+-----
Long Blades    | 3 4 |  4.4
Armour         | 2 |  2.9
Spellcasting   | 1 |  1.4
Conjurations   | 1 |  1.4
Hexes          | 1 |  1.4
Summonings     | 1 |  1.4
Necromancy     | 1 |  1.4
Translocations | 1 |  1.4
Transmutations | 1 |  1.4
Fire Magic     | 1 |  1.4
Ice Magic      | 1 |  1.4
Air Magic      | 1 |  1.4
Earth Magic    | 1 |  1.4
Poison Magic   | 1 |  1.4
Dodging        | 3 |  3.7
Fighting       | |  3.6
Stealth        | |  0.9

Action                     |  1- 3 |  4- 6 |  7- 9 || total
---------------------------+-------+-------+-------++-------
  Melee: Falchion          |   111 |    78 |    21 ||   210
         Punch             |     2 |       |       ||     2
    Use: Scroll            |       |     3 |       ||     3
         Potion            |       |       |     2 ||     2
   Stab: Sleeping          |       |     1 |       ||     1
 Armour: Leather armour    |    67 |    29 |    17 ||   113
  Dodge: Dodged            |    84 |    61 |    28 ||   173

Table legend: (Time is in decaauts)
 A = Elapsed time spent in this place.
 B = Non-inter-level travel time spent in this place.
 C = Inter-level travel time spent in this place.
 D = Time resting spent in this place.
 E = Time spent auto-exploring this place.
 F = Levels seen in this place.
 G = Mean time per level.
                   A        B        C        D        E       F      G
               +--------+--------+--------+--------+--------+-----+--------+
         Total |  11446 |  11402 |     44 |   9457 |   1421 |   3 | 3815.3 |
       Dungeon |  11446 |  11402 |     44 |   9457 |   1421 |   3 | 3815.3 |
               +--------+--------+--------+--------+--------+-----+--------+

Top non-repeatable levels by time:
     D:1: 10105 daAuts
     D:2: 1231 daAuts
     D:3: 110 daAuts
